[Event "GCT Superbet Rapid Poland 2025"]
[Site "Warsaw"]
[Date "2025.04.27"]
[Round "5.3"]
[White "Aravindh, Chithambaram VR."]
[Black "Fedoseev, Vladimir"]
[Result "1/2-1/2"]
[ECO "D32"]
[WhiteElo "2749"]
[BlackElo "2739"]
[Annotator "TA"]
[PlyCount "94"]
[EventDate "2025.??.??"]
[EventType "rapid"]
[TimeControl "1500+10"]

1. d4 d5 2. c4 e6 3. Nc3 a6 4. cxd5 exd5 5. Bf4 Nf6 6. e3 c5 7. dxc5 Bxc5 8. Nf3 Nc6 9. Be2 {[%emt 0:00:09] D32: Tarrasch Defence: Sidelines and lines without g3.} O-O 10. O-O Be6 ({RR} 10... Re8 11. Rc1 h6 12. Qc2 Ba7 13. Rfd1 Be6 14. Ne5 Rc8 15. Bf3 Qa5 16. Qd3 Ne7 17. h3 Red8 18. Qe2 b5 19. a3 d4 20. exd4 Rxd4 21. Nd3 Rdd8 22. Nb4 Ng6 23. Be3 Rxd1+ 24. Rxd1 Bb8 25. Nc6 {Xiong,J (2710)-Mamedyarov,S (2782) Saint Louis 2021 ½-½ (34)}) 11. Na4 $146 (11. Ne5 Bd6 12. Nxc6 bxc6 13. Na4 c5 14. Bxd6 Qxd6 15. Rc1 Rfc8 16. Qd2 Rab8 17. b3 {1-0 Nakamura,H (2736)-Le,Q (2709) NIC Classic KO rapid 2021 (1.11)}) ({RR} 11. Rc1 Ba7 12. Ne5 Ne7 13. Bd3 Rc8 14. Ne2 Qa5 15. a3 Rxc1 16. Qxc1 Rc8 17. Qe1 Qc5 18. Qd2 Ne4 19. Bxe4 dxe4 20. Nd4 Qd5 21. Qb4 Bc5 22. Qa4 f6 23. b4 fxe5 24. bxc5 exf4 25. Rb1 Qxc5 {Kirillov,D (2200)-Tristan,L (2544) chess.com INT 2023 0-1 (33)}) ({RR} 11. Qd2 Rc8 12. Rfd1 Qe7 13. a3 Rfd8 14. h3 h6 15. Nd4 Ba7 16. Bf3 Na5 17. Qe1 Nc4 18. b3 Nxa3 19. Ra2 Qb4 20. Nxe6 fxe6 21. Rda1 Qxc3 22. Qxc3 Rxc3 23. Rxa3 Bb8 24. Bxb8 Rxb8 25. b4 Rxa3 {Qin,K (2017)-Tristan,L (2542) chess.com INT 2025 0-1 (33)}) ({RR} 11. Ne5 Bd6 12. Nxc6 bxc6 13. Bxd6 Qxd6 14. Na4 c5 15. Rc1 Rfc8 16. Qd3 Rc6 17. Rfd1 Rac8 18. h3 Nd7 19. Nc3 Nf6 20. Bf3 Qb8 21. Nxd5 Nxd5 22. Bxd5 Rd6 23. Qc4 Rcd8 24. e4 Qxb2 25. Qxc5 g6 {Vaisser,A (2477)-Knaak,R (2479) Acqui Terme 2022 ½-½ (41)}) 11... Ba7 12. Ne5 Na5 13. b4 Nc4 14. Nc5 Qc8 15. a4 Rd8 16. Nb3 Ne4 {[%emt 0:00:34] [#]} 17. Rc1 b5 18. Nd4 Bxd4 19. exd4 (19. Qxd4 Ned2 20. Bg3 (20. Rfd1 $2 Nb3 $19) 20... Nxf1 (20... bxa4 $2 21. Qa1 $19) 21. Bxf1 bxa4 $19) 19... Qb7 20. Nd3 Qa7 21. Nc5 Bf5 22. Bg4 Bxg4 23. Qxg4 Re8 24. Rfe1 Qb6 25. Qf5 Rad8 26. axb5 Qxb5 27. Bc7 g6 28. Qf4 Rc8 29. h4 Qxb4 30. Nxe4 dxe4 31. d5 {[%emt 0:00:05][%cal Od5d6] [#]} Nb2 $1 {[%emt 0:00:28] Strongly threatening ...Nd3.} 32. d6 (32. Bd6 $11 Nd3 33. Bxb4 Nxf4 34. Rxc8 Rxc8 35. d6) 32... Nd3 $1 $17 33. Qe3 Nxe1 34. Rxe1 Qb5 35. h5 Qd7 (35... Qxh5 $2 36. d7 $18) 36. h6 Rxc7 ({Black should play} 36... Re6 $15) 37. dxc7 (37. Qf4 $5 f6 38. dxc7 $18) 37... Qxc7 $15 {[%emt 0:00:01][%mdl 4096] Endgame KQR-KQR. Black is two pawns up.} 38. Qd4 Re5 39. Rb1 (39. Qb2 $11 {remains equal.} Qd6 40. Rc1) 39... f6 (39... Kf8 $17) 40. Qe3 $11 {[%emt 0:00:12] The position is equal.} Kf7 41. Qb3+ Re6 42. Qd5 {[%emt 0:00:03] Black must now prevent Rb7.} Qc6 43. Rb7+ Ke8 44. Rb8+ {[%emt 0:00:11][%mdl 1024] White has compensation.} Kf7 45. Rb7+ Ke8 46. Rb8+ Kf7 47. Rb7+ Ke8 {[%emt 0:00:02] Weighted Error Value: White=0.15 (very precise) /Black=0.11 (very precise) Mistake: 	White=2 	Black=2 Inaccurate: 	White=4 	Black=2 OK: 	White=16 	Black=14 Best: 	White=1 	Black=3 Strong: 	--- 	Black=1} 1/2-1/2

[Event "GCT Superbet Rapid Poland 2025"]
[Site "Warsaw"]
[Date "2025.04.27"]
[Round "5.4"]
[White "Praggnanandhaa R"]
[Black "Aronian, Levon"]
[Result "1/2-1/2"]
[ECO "D76"]
[WhiteElo "2758"]
[BlackElo "2747"]
[Annotator "TA"]
[PlyCount "105"]
[EventDate "2025.??.??"]
[EventType "rapid"]
[TimeControl "1500+10"]

1. Nf3 d5 2. g3 g6 3. Bg2 Bg7 4. d4 Nf6 5. c4 O-O 6. cxd5 Nxd5 7. O-O Nc6 8. Nc3 Nb6 9. e3 $1 {[%emt 0:00:04] 9.e3 scores better than 9.d5.} Re8 10. h3 a5 {[%emt 0:00:37] D76: Fianchetto Grünfeld: Main Line with 7...Nb6.} 11. Rb1 ({RR} 11. Qc2 e5 12. Nxe5 Nxe5 13. dxe5 Bxe5 14. e4 Qe7 15. Kh2 Bd7 16. Bh6 Qc5 17. Rac1 Bc6 18. Nd5 Qxc2 19. Rxc2 Bxd5 20. exd5 Bd6 21. Rfc1 Rad8 22. Bg5 Rc8 23. Bf4 Bxf4 24. gxf4 Rcd8 25. Rxc7 Nxd5 {Giri,A (2727)-Topalov,V (2771) Zug 2013 ½-½ (36)}) 11... a4 12. Re1 h6 ({RR} 12... Ra5 13. Bd2 e5 14. Ne2 Ra6 15. Bc3 Bf5 16. Rc1 Be4 17. dxe5 Nd5 18. Bd4 Ncb4 19. Nf4 Nxa2 20. Nxd5 Nxc1 21. Nb4 Nb3 22. Nxa6 bxa6 23. Bc3 Qa8 24. Qe2 Rd8 25. Nh4 Bxg2 26. Nxg2 Qd5 27. Nf4 {Svane,R (2633)-Grigorjev,I (2433) chess.com INT 2024 0-1 (40)}) 13. Nh2 $146 ({RR} 13. Kh2 Be6 14. b3 axb3 15. axb3 f5 16. Bb2 Nd5 17. Rc1 Nxc3 18. Rxc3 Bd5 19. Rc5 e6 20. Nh4 Bf8 21. Bxd5 exd5 22. Rb5 b6 23. Nxg6 Na7 24. Nxf8 Nxb5 25. Ng6 Nd6 26. Qf3 c6 27. Rc1 Ra2 {Wulf von Moers,J (2180)-Houska,J (2206) Prague 2016 ½-½}) 13... Bd7 $146 (13... Be6 14. Nf3 Qd7 15. Kh2 Red8 16. b3 axb3 17. axb3 Nd5 18. Bb2 Nxc3 19. Bxc3 Na7 {½-½ Szymanski,R (2363)-Lubienski,A (2266) POL-ch66 sf email 2021}) 14. Nf1 Qc8 15. Kh2 Na5 16. e4 c5 17. dxc5 Nbc4 {[%emt 0:00:44] Black sacrificed a pawn} 18. Nxa4 Rd8 19. b4 Bb5 (19... Bxh3 20. Qc2 Bxg2 21. Kxg2 $11) 20. Qc2 Nc6 21. Nc3 Nd4 22. Qd1 Ne2 23. Nd5 Nc3 {[%emt 0:01:34] aiming for ...Rxd5.} 24. Qb3 Rxd5 25. exd5 Qf5 $1 {[%emt 0:00:05] [#]} 26. Rb2 Nxb2 27. Bxb2 Ba4 $1 $132 {[%emt 0:05:15][%mdl 2048] Black has counterplay} 28. Qc4 (28. Qa3 $5 Nb5 $8 (28... Qxf2 $2 29. Bxc3 Ra6 30. Qc1 $18) 29. Qf3 Qxf3 (29... Bxb2 30. Qxf5 gxf5 31. Rxe7 $11) 30. Bxf3 Bxb2 31. Rxe7 $11) 28... Bb5 29. Qb3 Ba4 $1 30. Qc4 (30. Qa3 $5 Nb5 $8 (30... Qxf2 $2 31. Bxc3 Ra6 32. Qc1 $18) 31. Qf3 Qxf3 (31... Bxb2 32. Qxf5 gxf5 33. Rxe7 $11) 32. Bxf3 Bxb2 33. Rxe7 $15) 30... Bb5 31. Qf4 Rxa2 (31... Qxf4 $11 {remains equal.} 32. gxf4 Rxa2 33. Bxc3 Bxc3 34. Rxe7 Bxf1 35. Bxf1 Bxb4) 32. Qxf5 $16 gxf5 33. Bxc3 Bxc3 34. Rc1 Bxb4 {[%emt 0:00:51][%cal Ob4a3] [#]} 35. Kg1 (35. Rb1 Bxf1 36. Rxb4 Rxf2) (35. c6 $1 $16 bxc6 (35... Rxf2 $2 36. cxb7 Bd6 37. Kg1 $18) 36. dxc6) 35... Ba3 $11 {[%emt 0:01:16] This pair of bishops is nice.} 36. Rc3 Bb4 37. Rb3 Bxf1 38. Rxb4 Bxg2 39. Kxg2 $14 {[%emt 0:00:02][%mdl 4096] Endgame KR-KR} Rc2 ({Black should try} 39... Rd2 $14) 40. Rb5 ({Don't play} 40. Rxb7 $6 Rxc5 41. Rxe7 Rxd5 $11) (40. d6 $16 {aiming for d7.} Rxc5 41. dxe7) 40... Rc3 41. Kf1 (41. Rxb7 Rxc5 42. Rxe7 Rxd5 $15) (41. d6 $16 exd6 42. cxd6 (42. Rxb7 dxc5 43. Rd7 Kg7 $11)) 41... Rd3 $11 {[%emt 0:00:14] The position is equal.} 42. Rxb7 Rxd5 43. c6 Rc5 44. Rc7 (44. Rxe7 Rxc6 45. Re5 Rf6 46. Ra5) 44... Kg7 45. Ke2 (45. Rxe7 Rxc6 46. Kg2 Rc4 47. Ra7) 45... h5 46. Kd3 (46. Rxe7 {simplifies} Rxc6 47. Kf3 Rc4 48. Ra7) 46... e5 47. Rc8 Rc1 48. c7 Rc6 49. f3 Rc1 50. Kd2 Rc6 51. Kd3 Rc1 52. Kd2 Rc6 53. Kd3 {[%emt 0:00:01] Weighted Error Value: White=0.11 (very precise) /Black=0.09 (flawless) Mistake: 	White=3 	Black=2 Inaccurate: 	--- 	Black=4 OK: 	White=13 	Black=16 Best: 	White=2 	Black=6 Strong: 	--- 	Black=3} 1/2-1/2

[Event "GCT Superbet Rapid Poland 2025"]
[Site "Warsaw"]
[Date "2025.04.27"]
[Round "5.5"]
[White "Duda, Jan-Krzysztof"]
[Black "Firouzja, Alireza"]
[Result "1/2-1/2"]
[ECO "E04"]
[WhiteElo "2739"]
[BlackElo "2757"]
[Annotator "TA"]
[PlyCount "162"]
[EventDate "2025.??.??"]
[EventType "rapid"]
[TimeControl "1500+10"]

1. Nf3 d5 2. c4 e6 3. d4 Nf6 4. g3 dxc4 5. Bg2 c5 6. O-O Nc6 7. Qa4 Bd7 8. Qxc4 cxd4 9. Nxd4 Rc8 10. Nc3 Nxd4 11. Qxd4 Bc5 12. Qh4 Bc6 {[%emt 0:00:06] E04: Open Catalan: 5 Nf3.} 13. Bxc6+ Rxc6 14. Bg5 {[%emt 0:00:04] [#]} Be7 15. Rad1 Qa5 16. Ne4 Qe5 (16... Nxe4 $6 17. Bxe7 g5 18. Qxe4 $16) 17. Nxf6+ Bxf6 ({Don't play} 17... gxf6 18. Be3 $16) 18. Bxf6 Qxf6 19. Qxf6 gxf6 20. Rc1 Rxc1 21. Rxc1 $11 {[%emt 0:00:01][%mdl 4096] Endgame KR-KR} Kd7 {[%emt 0:00:02] Against Rc8} 22. e4 $146 ({RR} 22. Kg2 Rg8 23. Rc4 Rg5 24. Rh4 h5 25. Rf4 Ke7 26. Kf3 Rc5 27. Ke3 a5 28. Kd3 b5 29. h3 Rd5+ 30. Kc2 Re5 31. Kd3 Rd5+ 32. Rd4 Rf5 33. Ke3 Re5+ 34. Kd2 Rf5 35. f4 Rc5 36. b4 axb4 {Kobo,O (2539)-Samunenkov,I (2523) Czech Republic CZE 2025 ½-½ (43)}) ({RR} 22. Rc4 b6 23. Kg2 Rg8 24. Ra4 a5 25. Rh4 Rg7 26. e4 Ke7 27. Rh5 Rg5 28. Rxh7 Re5 29. Kf3 Kf8 30. Rh8+ Kg7 31. Rb8 Rb5 32. b3 Rb4 33. Rc8 b5 34. Ke3 f5 35. exf5 exf5 36. f3 a4 {Nguyen,T (2618)-Abasov,N (2679) Douglas IOM 2023 1-0 (39)}) ({RR} 22. Rc4 f5 23. e4 fxe4 24. Rxe4 Rg8 25. Rh4 Rg7 26. Kg2 f6 27. Kf3 Ke8 28. Ke3 Rc7 29. Rh6 Rf7 30. g4 Ke7 31. h4 Kd6 32. Kd4 b5 33. f4 a5 34. Ke4 a4 35. f5 exf5+ 36. Kxf5 Ke7 {Gozzoli,Y (2575)-Delchev,A (2513) La Roche-sur-Yon FRA 2023 1-0 (56)}) 22... Rg8 23. h4 Rg4 24. Re1 b5 25. Kg2 a5 26. Kf3 Rg8 27. Rc1 Kd6 {[%emt 0:00:20] Prevents Rc5.} 28. g4 h6 29. Kf4 a4 30. f3 Rh8 31. Rc2 Rg8 32. Rc3 Ra8 33. Ke3 Rh8 $146 (33... Rb8 34. f4 Rg8 35. Kf3 Rb8 {½-½ Lazavik,D (2560)-Firouzja,A (2777) AI Cup Div 1 L rapid 2023 (1.2)}) 34. Kf4 Ra8 $1 35. Kg3 Rg8 36. b4 (36. Rc2 $14) 36... axb3 {[%emt 0:00:10] The position is equal.} 37. Rxb3 Kc5 38. Ra3 Kb6 {[%emt 0:01:22] Repels Ra7} 39. Kf4 Rd8 40. Rc3 Ra8 41. a3 Rd8 42. g5 hxg5+ 43. hxg5 fxg5+ 44. Kxg5 Rd7 45. Kf6 Ka5 46. f4 Ka4 47. f5 exf5 48. exf5 Ra7 49. Re3 Ra5 $1 50. Rd3 Ra7 51. Re3 Ra5 $1 52. Rh3 (52. Kxf7 $5 b4 $8 53. f6 bxa3 54. Re1 $11) 52... Ra7 53. Kg7 Ka5 $1 54. f6 Kb6 55. Rc3 $1 Rd7 56. Kf8 $1 Rb7 57. Ke8 Ra7 58. Kd8 $1 Rb7 59. Ke8 Ra7 60. Kf8 Rb7 61. Kg7 Ra7 62. Kg8 Rb7 63. Kf8 Ra7 64. Ke8 Rb7 65. Re3 {[%emt 0:00:12] [#] and Re7 should not be overlooked} Ra7 $1 66. Kf8 Kc5 67. Kg7 Kc4 68. Rh3 Kc5 69. Rg3 Kc4 70. Re3 Kc5 71. Re7 Rxa3 72. Kxf7 Rf3 73. Ke6 b4 74. f7 b3 75. Re8 Kc4 76. f8=Q Rxf8 77. Rxf8 b2 78. Rb8 Kc3 79. Ke5 Kc2 80. Kd4 b1=Q 81. Rxb1 Kxb1 {[%emt 0:00:01] Weighted Error Value: White=0.05 (flawless) /Black=0.03 (flawless) Mistake: 	White=1 	--- Inaccurate: 	White=1 	Black=1 OK: 	White=15 	Black=31 Best: 	White=2 	Black=10 Strong: 	White=3 	Black=5} 1/2-1/2

[Event "GCT Superbet Rapid Poland 2025"]
[Site "Warsaw"]
[Date "2025.04.27"]
[Round "6.1"]
[White "Fedoseev, Vladimir"]
[Black "Deac, Bogdan-Daniel"]
[Result "1/2-1/2"]
[ECO "E06"]
[WhiteElo "2739"]
[BlackElo "2668"]
[Annotator "TA"]
[PlyCount "123"]
[EventDate "2025.??.??"]
[EventType "rapid"]
[TimeControl "1500+10"]

1. d4 Nf6 2. c4 e6 3. Nf3 d5 4. g3 Be7 5. Bg2 O-O 6. Nc3 dxc4 7. Ne5 c5 8. dxc5 Qxd1+ 9. Nxd1 Bxc5 10. O-O {[%emt 0:00:13] White sacrificed a pawn} Nd5 {[%emt 0:00:41] Repels Nc3. E06: Closed Catalan: Early deviations.} 11. Bd2 ({RR} 11. Ne3 Nc6 12. N3xc4 Nxe5 13. Nxe5 Bd4 14. Nd3 {½-½ (14) Nakamura,H (2761)-Radjabov,T (2759) Moscow 2019}) ({RR} 11. Ne3 Bxe3 12. Bxe3 c3 13. b3 f6 14. Nd3 Rd8 15. Rac1 Nc6 16. Rfd1 e5 17. Nc5 Nxe3 18. Rxd8+ Nxd8 19. fxe3 Rb8 20. Rxc3 Kf8 21. Bxb7 Nxb7 22. Na6 Ra8 23. Nc7 Rb8 24. Na6 {½-½ (24) Sargsyan,S (2639)-Deac,B (2680) Jermuk ARM 2024}) 11... Nc6 12. Nxc4 Rd8 13. Nc3 b6 $146 ({RR} 13... Nxc3 14. Bxc3 Bd7 15. e3 Rac8 16. Rfc1 Be7 17. a4 b6 18. a5 bxa5 19. Nxa5 Nxa5 20. Rxa5 Bc5 21. Rd1 f6 22. Bh3 Kf7 23. Bd4 e5 24. Bxc5 Bxh3 {½-½ (24) Olafsson,F-Zwaig,A Reykjavik 1975}) ({RR} 13... Nb6 14. Nxb6 Bxb6 15. Rfd1 Bd7 16. Na4 Bd4 17. e3 Bf6 18. Nc5 Rab8 19. Bc3 Be8 20. Bxf6 gxf6 21. Ne4 Rxd1+ 22. Rxd1 Kg7 23. Nd6 Kf8 24. Nxe8 Kxe8 25. g4 Ne5 26. h3 Ke7 27. f4 Nc4 28. Rc1 {Wong,Z (2397)-Balabayeva,X (2335) Almaty KAZ 2024 1-0 (69)}) ({RR} 13... Nb6 14. Nxb6 Bxb6 15. Rfd1 Bd7 16. Na4 Bd4 17. e3 Bf6 18. Nc5 Rab8 19. Bc3 Be8 20. Bxf6 gxf6 21. Ne4 Rxd1+ 22. Rxd1 Kg7 23. Nd6 Kf8 24. Nxe8 Kxe8 25. g4 Ne5 26. h3 Ke7 27. f4 Nc4 28. Rc1 {Wong,Z (2397)-Balabayeva,X (2335) Almaty KAZ 2024 1-0 (69)}) 14. Rfc1 $146 (14. Ne4 Be7 15. Rac1 Bb7 {½-½ Nikolov,M (2522)-Cvitan,O (2470) Cattolica Halloween op 2021 (7)}) 14... Ba6 15. Ne4 Bd4 16. Rab1 Ne5 17. b3 {[%emt 0:00:14][%cal Bb2b3,Bb3c4][%mdl 32] and e3 should not be overlooked} Nxc4 18. bxc4 Ne7 19. Nd6 {[%emt 0:04:07] Prevents Rac8.} Rab8 20. Bb4 Bc5 21. Bxc5 bxc5 22. Nb5 g6 23. a4 (23. Nxa7 Rxb1 24. Rxb1 Bxc4 $15) 23... Rd7 24. f4 Rbd8 25. Kf2 Bb7 26. Bxb7 Rxb7 27. Rd1 Rbd7 28. Rxd7 Rxd7 $11 {[%emt 0:00:01][%mdl 4096] Endgame KRN-KRN} 29. Nc3 Rd4 30. Rb8+ Kg7 31. Rb7 Rxc4 32. Nb5 a6 33. Nd6 Rd4 34. Ne8+ Kf8 35. Nf6 Kg7 36. Nd7 Rb4 37. Ra7 Nc6 ({Much weaker is} 37... Rxa4 38. Nxc5 Ra5 39. Nxe6+ (39. Nxa6 Nd5 $17) 39... Kf6 40. Nc7 $16) (37... c4 $1 $11 {remains equal.}) 38. Rxa6 $16 Nb8 39. Nxb8 Rxb8 {[%emt 0:00:02] KR-KR} 40. a5 Rb5 41. Ke3 Rb3+ 42. Ke4 Ra3 43. Ra7 h6 44. g4 g5 {[%emt 0:00:12] The position is equal.} 45. f5 Kf6 46. fxe6 fxe6 47. a6 Ra4+ 48. Kf3 Ke5 49. e3 c4 50. Ra8 Ra2 51. a7 c3 52. h3 c2 53. Rc8 Rxa7 54. Rc5+ Kf6 55. Rxc2 Ra4 56. Rc7 Rb4 57. Rh7 Kg6 58. Re7 Kf6 59. Rh7 Kg6 60. Re7 Kf6 61. Rh7 Kg6 62. Re7 {[%emt 0:00:01] Weighted Error Value: White=0.05 (flawless) /Black=0.06 (flawless) Mistake: 	--- 	Black=1 Inaccurate: 	White=4 	Black=3 OK: 	White=30 	Black=22 Best: 	White=2 	Black=8} 1/2-1/2

[Event "GCT Superbet Rapid Poland 2025"]
[Site "Warsaw"]
[Date "2025.04.27"]
[Round "6.2"]
[White "Duda, Jan-Krzysztof"]
[Black "Vachier-Lagrave, Maxime"]
[Result "1/2-1/2"]
[ECO "D91"]
[WhiteElo "2739"]
[BlackElo "2722"]
[Annotator "TA"]
[PlyCount "63"]
[EventDate "2025.??.??"]
[EventType "rapid"]
[TimeControl "1500+10"]

1. d4 Nf6 2. c4 g6 3. Nc3 d5 4. Bg5 Bg7 5. Nf3 c5 6. Bxf6 {[%emt 0:00:38] D91: Grünfeld: 4 Nf3 Bg7 5 Bg5.} (6. dxc5 {is interesting.} Be6 7. Qb3 dxc4 8. Qxb7 Nbd7 9. Rd1) 6... Bxf6 7. cxd5 ({Don't play} 7. dxc5 d4 8. Nd5 Bg7 $11) (7. Nxd5 Bg7 $11) 7... cxd4 8. Nxd4 Qb6 $1 9. Nb3 a5 10. e3 a4 11. Bb5+ Bd7 12. Nd4 Bxd4 13. Qxd4 $146 ({RR} 13. Bxd7+ Nxd7 14. Qxd4 Qxd4 15. exd4 Nf6 16. Kd2 Kd7 17. Rhe1 Ra5 18. Re5 Ng4 19. Re2 Nf6 20. Rae1 Re8 21. f3 h5 22. Re5 Ra6 23. a3 Kd6 24. Kd3 Ra5 25. Kc4 Rc8+ 26. Kb4 Ra6 27. Kb5 Rc7 {Lobron,E (2508)-Arman,D (2346) Karlsruhe 2019 1-0 (43)}) 13... Qxd4 14. exd4 Bxb5 {[%emt 0:05:56] Black sacrificed a pawn} 15. Nxb5 Ra5 {[%emt 0:00:01] [#]} 16. Rc1 $1 {[%emt 0:03:38] aiming for Rc8+.} O-O {[%emt 0:00:03] The position is equal.} 17. Nc7 Na6 $146 {[%emt 0:01:06] Threatens to win with ...Rc8.} (17... Nd7 18. Kd2 Nf6 19. Rc4 Rd8 20. Re1 Nxd5 21. Nxd5 Raxd5 22. Rxe7 b5 23. Rb4 Rxd4+ 24. Rxd4 Rxd4+ 25. Kc3 Rc4+ 26. Kd3 Rb4 27. Kc3 Rc4+ {½-½ Bluebaum,M (2605)-Swiercz,D (2665) Moscow Aeroflot op-A 15th 2016 (2)}) 18. Kd2 Nxc7 19. Rxc7 Rxd5 $11 {[%emt 0:00:01][%mdl 4096] Endgame KRR-KRR} 20. Kc3 e5 21. dxe5 Rxe5 22. Rd1 b5 23. Rd2 Re4 24. b4 axb3 25. Kxb3 Ra8 26. Rb7 Rea4 27. Rdd7 Ra3+ 28. Kb4 R3a4+ 29. Kb3 Ra3+ 30. Kb4 R3a4+ 31. Kb3 Ra3+ 32. Kb4 {[%emt 0:00:01] Weighted Error Value: White=0.02 (flawless) /Black=0.00 (flawless) OK: 	White=7 	Black=17 Best: 	White=3 	Black=3 Strong: 	--- 	Black=1} 1/2-1/2

[Event "GCT Superbet Rapid Poland 2025"]
[Site "Warsaw"]
[Date "2025.04.27"]
[Round "6.3"]
[White "Gavrilescu, David"]
[Black "Aravindh, Chithambaram VR."]
[Result "1/2-1/2"]
[ECO "B31"]
[WhiteElo "2554"]
[BlackElo "2749"]
[Annotator "TA"]
[PlyCount "56"]
[EventDate "2025.??.??"]
[EventType "rapid"]
[TimeControl "1500+10"]

1. e4 c5 2. Nf3 Nc6 3. Bb5 g6 4. O-O Bg7 5. c3 Nf6 6. Re1 O-O 7. d4 a6 {[%emt 0:01:34] 7...d5 is becoming the main line. B31: Sicilian: 2...Nc6 3 Bb5 g6.} 8. Bd3 cxd4 ({RR} 8... d5 9. e5 Ne8 10. dxc5 Bg4 11. Be2 Nc7 12. Nbd2 a5 13. h3 Bc8 14. Bd3 Ne6 15. Nb3 a4 16. Nbd4 Nxc5 17. Bc2 Qa5 18. Bd2 Rd8 19. Qc1 Ne6 20. b4 Qc7 21. Nxc6 bxc6 22. Be3 c5 23. bxc5 {Anand,V (2758)-Carlsen,M (2872) Wijk aan Zee 2020 ½-½ (54)}) ({RR} 8... d5 9. e5 Ne4 10. Nbd2 Bf5 11. Nxe4 dxe4 12. Bxe4 Bxe4 13. Rxe4 cxd4 14. cxd4 Qd5 15. Qe2 Rac8 16. Bd2 f5 17. Rh4 f4 18. Bc3 h6 19. Rg4 g5 20. h4 Qe6 21. Nd2 Qf5 22. hxg5 hxg5 23. Ne4 {Gavrilescu,D (2549)-Szalay-Ocsak,B (2107) chess.com INT 2025 1-0 (36)}) 9. cxd4 Nb4 $146 {[%emt 0:00:04] White is slightly better.} ({RR} 9... d5 10. e5 Ne4 11. Nc3 Nxc3 12. bxc3 f6 13. exf6 exf6 14. Ba3 Rf7 15. h3 Na5 16. Nd2 b5 17. Qf3 Bb7 18. Re6 Bf8 19. Bxf8 Kxf8 20. Rae1 Rc8 21. h4 Rc6 22. h5 Rxe6 23. Rxe6 g5 24. h6 {Tsaknakis,Z (2262)-Risteski,E (2378) Skopje MKD 2024 1-0 (51)}) ({RR} 9... d5 10. e5 Ne4 11. h3 Nb4 12. Bf1 Qc7 13. Na3 Bd7 14. Bd2 Nxd2 15. Qxd2 Qb6 16. Nb1 Bf5 17. Rc1 Be4 18. Be2 Nc6 19. Rd1 f6 20. exf6 Rxf6 21. Nc3 Raf8 22. Qe3 Rf4 23. Na4 Qa7 24. Nc5 {Bivol,A (2370)-Khanin,S (2506) Cheliabinsk 2021 0-1 (38)}) ({RR} 9... d5 10. e5 Ne4 11. h3 Nb4 12. Bf1 Qc7 13. Na3 Bd7 14. Bd2 Nxd2 15. Qxd2 Qb6 16. Nb1 Bf5 17. Rc1 Be4 18. Be2 Nc6 19. Rd1 f6 20. exf6 Rxf6 21. Nc3 Raf8 22. Qe3 Rf4 23. Na4 Qa7 24. Nc5 {Bivol,A (2370)-Khanin,S (2506) Cheliabinsk 2021 0-1 (38)}) 10. Bf1 d5 11. e5 {[%emt 0:00:24][%cal Oa2a3] [#] Threatens to win with a3!.} Ne4 12. Nc3 Bg4 $5 $146 {[%emt 0:00:49][%mdl 8] An interesting novelty.} (12... Nxc3 13. bxc3 Nc6 14. h3 Na5 15. Nh2 Qc7 16. Ng4 Be6 17. Bg5 Rac8 18. Rc1 Qd7 {1-0 Zaitsev,I (2465)-Kupreichik,V (2575) Yerevan Zonal 1982 (14)}) 13. Qb3 Nc6 14. Qxd5 ({Better is} 14. Qxb7 $16 Rc8 15. Qxa6 (15. Bxa6 Nxc3 16. bxc3 Qa5 $16)) 14... Nxc3 $1 $11 {[%emt 0:00:41] The position is equal.} 15. Qxd8 Ne2+ 16. Bxe2 Raxd8 17. Be3 Bxf3 18. Bxf3 Nxd4 19. Bxd4 Rxd4 20. Bxb7 {[%emt 0:01:23] Opposite bishops and equal position} a5 21. b3 Rd2 22. Kf1 Rfd8 23. Re2 Rd1+ 24. Rxd1 Rxd1+ 25. Re1 Rd2 26. Re2 Rd1+ 27. Re1 Rd2 28. Re2 Rd1+ {[%emt 0:00:23] Weighted Error Value: White=0.10 (very precise) /Black=0.07 (flawless) Mistake: 	White=1 	--- Inaccurate: 	--- 	Black=2 OK: 	White=5 	Black=5 Best: 	White=1 	Black=2 Strong: 	--- 	Black=1} 1/2-1/2